 Dungeon Crawl Stone Soup version 0.27-a0-1513-g2aaa0cc67b (webtiles) character file.

Game seed: 6032769879204614550

1950 Sweetruy1997 the Slicer (level 9, -16/71 HPs)
             Began as a Ghoul Monk on July 7, 2021.
             Demolished by a komodo dragon (22 damage)
             ... on level 6 of the Dungeon on July 9, 2021.
             The game lasted 00:17:04 (6953 turns).

Sweetruy1997 the Slicer (Ghoul Monk)                Turns: 6953, Time: 00:17:05

Health: -16/71     AC:  5    Str: 16    XL:     9   Next: 18%
Magic:  8/8        EV: 12    Int:  5    God:
Gold:   255        SH:  7    Dex: 16    Spells: 8/8 levels left

rFire    + + .     SeeInvis .   l - +1 quick blade of the Puffin {vamp, rF++ Dex+3}
rCold    + + .     Faith    .   k - +3 buckler
rNeg     + + +     Spirit   .   c - +0 leather armour
rPois    ∞         Reflect  .   j - +0 helmet
rElec    .         Harm     .   n - +0 cloak
rCorr    .         Rampage  .   (no gloves)
Will     .....                  (no boots)
Stlth    ++........             (no amulet)
HPRegen  0.00/turn              f - ring of protection from cold
MPRegen  0.11/turn              (no ring)

@: no status effects
A: claws 1, cold resistance 1, negative energy resistance 3, inhibited
regeneration, torment resistance 2
a: no special abilities


You were on level 6 of the Dungeon.
You visited 1 branch of the dungeon, and saw 6 of its levels.

You collected 255 gold pieces.

Inventory:

Hand Weapons
 e - a +5 dagger of draining
 l - the +1 quick blade of the Puffin (weapon) {vamp, rF++ Dex+3}
   (You acquired it on level 4 of the Dungeon)

   It inflicts no extra harm, but heals its wielder when it wounds a living foe.
   Dex:       It affects your dexterity (+3).
   rF:        It greatly protects you from fire.
Missiles
 o - 4 boomerangs (quivered)
Armour
 c - a +0 leather armour (worn)
 j - a +0 helmet (worn)
 k - a +3 buckler (worn)
 n - a +0 cloak (worn)
Jewellery
 f - a ring of protection from cold (left claw)
Wands
 g - a wand of polymorph (3)
 q - a wand of iceblast (10)
Scrolls
 a - a scroll of brand weapon
 b - a scroll of blinking
 i - 2 scrolls of fear
 r - a scroll of teleportation
Potions
 d - 2 potions of flight
 h - 2 potions of curing
 p - a potion of brilliance {unknown}
 s - a potion of ambrosia {unknown}


   Skills:
 - Level 4.0 Fighting
 + Level 9.8 Short Blades
 - Level 2.8 Axes
 - Level 1.0 Armour
 - Level 3.0 Dodging
 - Level 3.0 Stealth
 + Level 1.8 Shields


You had 8 spell levels left.
You didn't know any spells.
Your spell library contained the following spells:

 Spells                   Type           Power      Damage    Failure   Level
 Gell's Gravitas          Tloc           0%         N/A       95%         3
 Portal Projectile        Hex/Tloc       0%         N/A       95%         3
 Teleport Other           Tloc           0%         N/A       95%         3
 Excruciating Wounds      Necr           0%         N/A       100%        5
 Dispersal                Tloc           0%         N/A       100%        6
 Blade Hands              Tmut           Unusable   N/A       N/A         5

Dungeon Overview and Level Annotations

Branches:
Dungeon (6/15)
 Temple: D:4-7

Altars:
Cheibriados


Innate Abilities, Weirdness & Mutations

You thrive by killing the living.
You are immune to poison.
You have sharp fingernails.
Your flesh is cold resistant. (rC+)
You are immune to negative energy. (rN+++)
You do not regenerate when monsters are visible.
You are immune to unholy pain and torment.


Message History

The komodo dragon is severely wounded.
You hit the komodo dragon but do no damage.
The komodo dragon is severely wounded.
You block the komodo dragon's attack.
You feel better. The komodo dragon misses you.
You hit the komodo dragon.
The komodo dragon is severely wounded.
You barely miss the komodo dragon.
The komodo dragon is severely wounded.
You hit the komodo dragon but do no damage.
The komodo dragon is severely wounded.
The komodo dragon misses you.
You hit the komodo dragon but do no damage.
The komodo dragon is severely wounded.
You hit the komodo dragon.
You feel better.
The komodo dragon is severely wounded.
You hit the komodo dragon but do no damage.
The komodo dragon is severely wounded.
The komodo dragon bites you!
You closely miss the komodo dragon.
The komodo dragon is severely wounded.
You hit the komodo dragon but do no damage.
The komodo dragon is severely wounded.
You hit the komodo dragon.
You feel better.
The komodo dragon is almost dead.
You block the komodo dragon's attack.
You hit the komodo dragon but do no damage.
The komodo dragon is almost dead.
You hit the komodo dragon but do no damage.
The komodo dragon is almost dead.
You hit the komodo dragon but do no damage.
The komodo dragon is almost dead.
The komodo dragon bites you!!
* * * LOW HITPOINT WARNING * * *
You hit the komodo dragon.
You feel better.
The komodo dragon is almost dead.
You hit the komodo dragon but do no damage.
The komodo dragon is almost dead.
The komodo dragon bites you!!
You die...

#.........#
.)........######### #.#
.#................# #.#
#####....######...# #.# .#
##..########.### #.# .#
#...!........## ##.####
.###.########....###.....
.##..# ##.##.##....# .#..##
##..##@#..!..# ##.##
###..###l#.....#
...######...## #{#..###.#
.......#..### #.....###.#
##.###.#.## #......####.
...###...#######..........⌠
......#...............####.
...........)####.....## .#
##.#...###.......#..###.#


You could see a komodo dragon.

Vanquished Creatures
  Sigmund (D:5)
  A steam dragon (D:6)
  A water moccasin (D:6)
  A sky beast (D:6)
  An ice beast (D:4)
  3 orc warriors
  A black bear (D:6)
  3 phantoms
  A scorpion (D:6)
  2 hounds (D:5)
  A centaur zombie (D:6)
  2 jellies
  Crazy Yiuf (D:4)
  2 bullfrog skeletons (D:6)
  Jessica (D:2)
  Ijyb (D:5)
  Natasha (thrice) (D:3)
  3 iguanas (D:6)
  2 orc wizards (D:6)
  A hound skeleton (D:5)
  A mummy (D:4)
  7 adders
  4 gnolls (D:6)
  A white imp (D:4)
  2 ufetubi
  3 dart slugs
  11 orcs
  7 ball pythons
  7 endoplasms
  6 goblins
  5 hobgoblins
  13 jackals
  7 kobolds
  8 quokkas
  5 bats
  3 frilled lizards
  4 rats
126 creatures vanquished.

Notes
Turn   | Place    | Note
-------+----------+-------------------------------------------
     0 | D:1      | Sweetruy1997 the Ghoul Monk began the quest for the Orb.
     0 | D:1      | Reached XP level 1. HP: 19/19 MP: 0/0
   195 | D:1      | Upgraded the game from 0.27-a0-1500-g450c7e4133 to
                  | 0.27-a0-1513-g2aaa0cc67b
   239 | D:1      | Reached XP level 2. HP: 17/26 MP: 1/1
   696 | D:1      | Reached XP level 3. HP: 25/33 MP: 2/2
   787 | D:1      | Found a faded altar of an unknown god.
  1388 | D:2      | Reached skill level 1 in Armour
  1415 | D:2      | Noticed Jessica
  1430 | D:2      | Killed Jessica
  1431 | D:2      | Reached skill level 1 in Short Blades
  1431 | D:2      | Reached XP level 4. HP: 40/40 MP: 3/3
  2167 | D:3      | Reached skill level 2 in Short Blades
  2289 | D:3      | Reached XP level 5. HP: 46/46 MP: 4/4
  2408 | D:3      | Noticed Natasha
  2416 | D:3      | Killed Natasha
  2511 | D:3      | Noticed Natasha
  2521 | D:3      | Killed Natasha
  2522 | D:3      | Reached skill level 3 in Short Blades
  2558 | D:3      | Noticed Natasha
  2578 | D:3      | Killed Natasha
  2671 | D:4      | Noticed an ice beast
  2683 | D:4      | Killed an ice beast
  2684 | D:4      | Reached skill level 4 in Short Blades
  2684 | D:4      | Reached XP level 6. HP: 47/52 MP: 5/5
  2910 | D:4      | Reached skill level 5 in Short Blades
  3267 | D:4      | Reached XP level 7. HP: 59/59 MP: 6/6
  3274 | D:4      | Identified a scroll of acquirement
  3275 | D:4      | Acquired the +1 quick blade of the Puffin {vamp, rF++
                  | Dex+3}
  3383 | D:4      | Found a snail-covered altar of Cheibriados.
  3646 | D:4      | Found a runed translucent door.
  3647 | D:4      | Noticed Crazy Yiuf
  3671 | D:4      | Killed Crazy Yiuf
  3880 | D:5      | Entered Level 5 of the Dungeon
  4109 | D:5      | Reached skill level 6 in Short Blades
  4277 | D:5      | Noticed Ijyb
  4345 | D:5      | Killed Ijyb
  4596 | D:5      | Noticed Sigmund
  4628 | D:5      | Killed Sigmund
  4629 | D:5      | Reached skill level 7 in Short Blades
  4629 | D:5      | Reached XP level 8. HP: 55/66 MP: 7/7
  5558 | D:6      | Reached skill level 8 in Short Blades
  5841 | D:6      | Reached skill level 9 in Short Blades
  6020 | D:6      | Reached skill level 1 in Shields
  6020 | D:6      | Reached XP level 9. HP: 67/71 MP: 8/8
  6895 | D:6      | Noticed a komodo dragon
  6950 | D:6      | HP: 2/71 [komodo dragon (22)]
  6953 | D:6      | Demolished by a komodo dragon

Illustrated notes

Levels and vault maps discovered:
D:1:      onia_arrival_pyramid, layout_loops_corners,
          hellmonk_ecumenical_altar_lost_god, chequers_serial_rivers_micro_a,
          chequers_serial_rivers_large_b
D:2:      layout_loops_ring, chequers_serial_rivers_marsh, uniq_jessica
D:3:      layout_basic, minmay_misc_feat_room, chequers_serial_rivers_small_b,
          uniq_natasha
D:4:      layout_rooms, slow_altar_2, uniq_crazy_yiuf_cottage
D:5:      layout_loops_ring, minmay_small_thing, uniq_sigmund, uniq_ijyb
D:6:      layout_rooms, grunt_temple_overflow_holy_war, kb_rosetta

Skill      XL: |  1  2  3  4  5  6  7  8 |
---------------+-------------------------+-----
Dodging        | 3 |  3.0
Armour         | 1 |  1.0
Fighting       | 4 |  4.0
Short Blades   | 1 2 4 5 7 9 |  9.8
Stealth        | 3 |  3.0
Shields        | 1 |  1.8
Axes           | |  2.8

Action                   |  1- 3 |  4- 6 |  7- 9 || total
-------------------------+-------+-------+-------++-------
Melee: Dagger            |    79 |   172 |       ||   251
       Hand axe          |     4 |       |       ||     4
       Quick blade       |       |       |   644 ||   644
Throw: Boomerang         |       |       |    13 ||    13
Evoke: Wand              |       |       |     2 ||     2
  Use: Scroll            |       |    10 |     8 ||    18
       Potion            |       |     1 |     4 ||     5
 Stab: Sleeping          |     3 |    10 |     4 ||    17
       Distracted        |       |       |     1 ||     1
Armor: Leather armour    |    17 |    38 |    49 ||   104
Dodge: Dodged            |    47 |    78 |   122 ||   247
Block: Buckler           |       |       |    39 ||    39

Table legend: (Time is in decaauts)
 A = Elapsed time spent in this place.
 B = Non-inter-level travel time spent in this place.
 C = Inter-level travel time spent in this place.
 D = Time resting spent in this place.
 E = Time spent auto-exploring this place.
 F = Levels seen in this place.
 G = Mean time per level.
                   A        B        C        D        E       F      G
               +--------+--------+--------+--------+--------+-----+--------+
         Total |   6574 |   6450 |    124 |   2021 |   3284 |   6 | 1095.7 |
       Dungeon |   6574 |   6450 |    124 |   2021 |   3284 |   6 | 1095.7 |
               +--------+--------+--------+--------+--------+-----+--------+

Top non-repeatable levels by time:
     D:5: 1518 daAuts
     D:1: 1340 daAuts
     D:6: 1193 daAuts
     D:4: 1174 daAuts
     D:2: 735 daAuts
     D:3: 612 daAuts
